Cogmind - Beta 14 @@@ ROGUE MODE // 2024.09.26 @ 16:17:56 Player: Cherman0 Result: Destroyed by B-90 Cyclops with Nova Cannon Performance ------------- Evolutions (8) 4000 Regions Visited (25) 5000 Robots Destroyed (276) 1380 Value Destroyed (12575) 12575 Prototype IDs (58) 1160 Alien Tech Used (1) 200 Bonus (12750) 12750 TOTAL SCORE: 37065 Bonus ------- High Alert Combat Kills 1293 Follower Combat Kills 5691 Awakened Behemoth Slayer 1000 Network Hubs Disabled 200 Registered with UFD 300 Met Imprinter 300 Met Warlord at Base 500 MAIN.C Attacked Warlord 500 Warlord Defense Kills 888 Built Enhanced Grunts 300 A7 Reached Mainframe 300 Met R17 at Cetus 500 Met R17 at Research 2000 Friendly Fire -1022 Cogmind --------- Core Integrity 0/1450 Matter 290/300 Energy 57/100 System Corruption 12% Temperature Cool (9) Movement Walking (120) Location -2/Research Parts ------- > --- POWER (2) -------- (None) > --- PROPULSION (4) --- Advanced Myomer Leg > --- UTILITY (13) ----- Advanced Signal Interpreter Advanced Terrain Scan Processor Advanced Hacking Suite > --- WEAPON (4) ------- CR-A16's Behemoth Slayer > --- INVENTORY (5) ---- Huge Storage Unit Quantum Capacitor Subatomic Replicator Peak State ------------ > --- POWER ------------ Quantum Reactor Quantum Reactor > --- PROPULSION ------- Overtuned Huge Scrapsphere Overtuned Huge Scrapsphere > --- UTILITY ---------- Scrap Suit Huge Storage Unit Experimental Sensor Array Advanced Signal Interpreter Makeshift Salvage Targeting Computer Experimental Targeting Computer Advanced Transmission Jammer Improved Heavy Armor Plating Advanced Hacking Suite Advanced System Shield Amulet of Y3-NDR > --- WEAPON ----------- Enhanced Coil Gun Enhanced Coil Gun Enhanced Coil Gun CR-A16's Behemoth Slayer > --- INVENTORY -------- Particle Reactor Centrium Leg Wheel Advanced Cryofiber Web Advanced Cooling System Coolant Network Advanced Coolant Injector Experimental Energy Well Improved Matter Compressor Advanced Terrain Scan Processor Improved Kinecellerator Quantum Capacitor Advanced Shield Generator Antimissile System Subatomic Replicator Vortex Shotgun Compact HERF Cannon Nova Cannon Railgun Railgun Railgun Advanced KE Penetrator Advanced Datajack [Rating: 160] Favorites ----------- Power Cooled Ion Engine Engine Cooled Ion Engine Power Core Light Nuclear Core Reactor Mini Fusion Reactor Propulsion Light Treads Treads Light Treads Leg Aluminum Leg Wheel Overtuned Huge Scrapsphere Utility Huge Storage Unit Device Scrap Suit Storage Huge Storage Unit Processor Advanced Signal Interpreter Hackware Advanced System Shield Protection Improved Medium Armor Plating Weapon Cooled Particle Cannon Energy Gun Medium Laser Energy Cannon Cooled Particle Cannon Ballistic Gun Railgun Ballistic Cannon Battle Cannon Launcher Subdweller Shrapnel Launcher Special Weapon Multitool Impact Weapon Power Maul Slashing Weapon Ripper Piercing Weapon CR-A16's Pointy Stick Special Melee Weapon Improved Datajack Build | -11 -10 -10 -10 -8 -8 -8 -8 -6 -6 -6 -6 -5 -5 -5 -5 -5 -4 -4 -4 -4 -4 -4 -3 -3 -2 ------- Run | Yrd Mat Min Sub Mat Sto Rec Scr Fac Low Low Zio Pro Fac Upp Upp War Pro Fac Ext Cet Arc Hub Res Qua Res Slots Evolved 16 | . . . . 4 . . . 4 . . . . 2 . . . . 2 . . . . 2 . 2 Power 1 | . . . . . . . . . . . . . . . . . . 1 . . . . . . . Propulsion 2 | . . . . 2 . . . . . . . . . . . . . . . . . . . . . Utility 11 | . . . . 2 . . . 2 . . . . 2 . . . . 1 . . . . 2 . 2 Weapon 2 | . . . . . . . . 2 . . . . . . . . . . . . . . . . . Parts Attached 497 | 1 20 12 13 40 32 6 20 44 2 4 7 9 46 12 8 14 12 18 44 5 4 4 18 50 52 Power 26 | . . . 2 4 3 1 . 1 . . . . 3 1 . 3 . 1 1 . . . . . 6 Engine 7 | . . . 1 1 1 . . 1 . . . . 3 . . . . . . . . . . . . Core 10 | . . . 1 3 2 . . . . . . . . 1 . 2 . . . . . . . . 1 Reactor 9 | . . . . . . 1 . . . . . . . . . 1 . 1 1 . . . . . 5 Propulsion 48 | . 4 1 2 3 9 1 1 14 1 1 . . 2 . . . . . . . . . . . 9 Treads 27 | . 4 1 2 3 9 . . 4 1 . . . . . . . . . . . . . . . 3 Leg 2 | . . . . . . . . . . . . . . . . . . . . . . . . . 2 Wheel 19 | . . . . . . 1 1 10 . 1 . . 2 . . . . . . . . . . . 4 Hover . | . . . . . . . . . . . . . . . . . . . . . . . . . . Flight . | . . . . . . . . . . . . . . . . . . . . . . . . . . Utility 241 | 1 7 5 6 14 7 1 11 11 . 1 5 3 32 6 4 4 11 16 31 2 3 4 13 23 20 Device 180 | 1 2 3 6 7 6 . 8 7 . 1 3 2 26 5 2 3 9 13 22 2 3 4 8 21 16 Storage 13 | . 3 . . 2 1 1 1 . . . . . 1 . . . . . 1 . . . 2 . 1 Processor 5 | . . . . . . . . 1 . . . . 1 . . 1 . . . . . . . 1 1 Hackware 9 | . . . . . . . . 1 . . . . 2 . . . . 2 2 . . . 2 . . Protection 34 | . 2 2 . 5 . . 2 2 . . 2 1 2 1 2 . 2 1 6 . . . 1 1 2 Artifact . | . . . . . . . . . . . . . . . . . . . . . . . . . . Weapon 182 | . 9 6 3 19 13 3 8 18 1 2 2 6 9 5 4 7 1 1 12 3 1 . 5 27 17 Energy Gun 16 | . 2 2 . 4 3 . 1 1 . . . . . . . 1 . . . . . . . . 2 Energy Cannon 22 | . . 1 1 . 1 . . 8 . . 1 3 3 1 . 2 . . 1 . . . . . . Ballistic Gun 52 | . 2 . . 6 . . 2 . . . . . 2 1 . . . . 9 3 1 . 3 14 9 Ballistic Cannon 23 | . 2 2 . 5 5 1 3 3 . . . 1 . . . 1 . . . . . . . . . Launcher 12 | . 3 1 2 2 2 . . 1 . . . . . . . 1 . . . . . . . . . Special Weapon 13 | . . . . 2 2 2 1 2 . . . 1 1 1 . . . . . . . . . 1 . Impact Weapon 3 | . . . . . . . . 1 1 1 . . . . . . . . . . . . . . . Slashing Weapon 1 | . . . . . . . 1 . . . . . . . . . . . . . . . . . . Piercing Weapon 20 | . . . . . . . . . . . 1 . 2 2 2 1 . . . . . . 1 7 4 Special Melee Weapon 20 | . . . . . . . . 2 . 1 . 1 1 . 2 1 1 1 2 . . . 1 5 2 Unidentified Prototypes 30 | . . 1 1 3 6 1 . 1 . 1 . . 3 . . 6 . . 2 1 . . 1 2 1 Corrupted Parts 1 | . . . . . . . . . . . . . 1 . . . . . . . . . . . . System Corruption 2 | . . . . . . . . . . . . . 2 . . . . . . . . . . . . Parts Lost 61 | . 1 3 5 . 1 . . 11 . . . . . . . . . 1 3 1 . . . 4 31 Power 7 | . . . 1 . 1 . . . . . . . . . . . . . 1 . . . . . 4 Propulsion 11 | . . 1 2 . . . . 4 . . . . . . . . . . . . . . . . 4 Utility 23 | . . . 1 . . . . 2 . . . . . . . . . . . 1 . . . 3 16 Weapon 20 | . 1 2 1 . . . . 5 . . . . . . . . . 1 2 . . . . 1 7 Highest Loss Streak 21 | . 1 1 4 . 1 . . 5 . . . . . . . . . 1 1 1 . . . 2 21 To Critical Strikes 1 | . . . . . . . . . . . . . . . . . . . . 1 . . . . . Average Slot Usage (%) 90 | . 99 99 99 93 99 100 97 91 93 93 93 93 78 75 76 74 70 73 76 73 72 72 76 77 85 Engine 3 | . 14 14 . . 5 8 . 3 6 6 6 6 5 3 . . . . . . . . . . . Core 3 | . . . 13 9 3 . . . . . . . . 1 5 4 5 5 2 . . . . . . Reactor 2 | . . . . . . . 9 2 . . . . . . . . . 5 5 5 5 5 4 4 7 Treads 15 | . 26 27 27 30 36 33 24 6 6 6 6 6 1 . . . . . . . . . . . 2 Wheel 7 | . . . . . . 2 11 17 20 20 20 20 12 11 11 11 11 10 10 10 10 10 9 9 7 Device 14 | . 8 12 14 18 17 18 15 12 13 17 17 19 16 16 16 14 10 13 11 10 9 9 14 16 20 Storage 8 | . 14 14 14 9 9 9 9 6 6 6 6 6 5 5 5 5 5 5 5 5 5 5 4 4 4 Processor 3 | . . . . . . . . 5 6 6 6 6 5 5 5 7 11 10 10 10 10 10 9 11 12 Hackware 1 | . . . . . . . . 3 . . . . . . . . . 2 3 5 5 5 8 9 7 Protection 4 | . 5 1 . 8 9 9 9 4 6 1 2 . 5 5 5 5 5 4 5 5 5 5 4 2 2 Energy Gun 1 | . 9 16 . 3 . . . 1 . . . . . . . . . . . . . . . . . Energy Cannon 7 | . . 5 13 . . . . 13 21 20 20 16 16 17 17 13 . . . . . . . . . Ballistic Gun 3 | . 10 . . 9 . . . . . . . . . . . . . . 16 21 21 21 14 14 14 Ballistic Cannon 6 | . 8 5 14 4 17 13 11 8 . . . 1 . . . 1 5 5 . . . . . . . Piercing Weapon 1 | . . . . . . . . . . . 1 6 4 4 4 2 5 5 . . . . 3 2 1 Peak Build Rating 160 | 7 9 17 32 31 34 41 47 70 72 75 75 75 102 108 105 112 115 133 134 134 135 136 153 153 160 Average Rating 65 | 6 7 12 18 25 31 33 39 63 71 73 73 74 96 102 104 105 112 129 128 132 133 135 151 147 148 On Entrance 79 | 6 7 8 14 18 28 33 41 47 69 71 75 70 75 99 105 105 109 114 131 132 134 135 136 152 151 Naked Turns . | . . . . . . . . . . . . . . . . . . . . . . . . . . Heaviest Build 171 | 14 51 57 57 63 63 103 107 130 128 124 124 124 138 138 139 152 153 160 159 159 159 157 159 162 171 Greatest Support 82 | 20 40 40 40 80 82 82 28 44 24 24 24 24 40 40 40 40 40 40 40 40 40 40 40 40 60 Greatest Overweight (x) 15 | . 1 1 1 1 . 8 8 15 5 5 5 5 5 3 3 3 3 3 3 3 3 3 3 4 15 Average Overweight (x) 2 | . . 1 1 . . 2 6 3 5 4 4 4 3 3 3 3 3 3 2 3 3 3 3 3 3 Largest Inventory Capacity 25 | 8 20 20 20 20 20 25 25 25 25 25 25 25 25 25 25 25 25 25 25 25 25 25 25 25 25 Average Capacity 22 | 8 18 20 20 20 20 21 25 25 25 25 25 25 25 25 25 25 25 25 25 25 25 25 25 25 24 Most Carried 25 | 6 20 20 20 20 20 25 25 25 25 25 25 25 25 25 25 25 25 25 25 25 25 25 25 25 25 Average Carried 22 | 6 16 19 19 19 19 20 24 22 24 24 25 25 24 24 25 24 25 24 24 24 24 25 24 22 23 Final Capacity 25 | 8 20 20 20 20 20 25 25 25 25 25 25 25 25 25 25 25 25 25 25 25 25 25 25 25 5 Final Carried 25 | 6 19 20 20 20 20 25 25 25 25 25 25 25 25 25 25 25 25 25 25 25 25 25 25 25 4 Class Distribution -------------------- 51% | Mutant 19% | Scavenger-Scrapper 10% | Commander-Scrapper 5% | Scavenger-Skirmisher 3% | Scavenger-Gunner Dominant Class ---------------- Mutant | -10/Materials Mutant | -10/Mines Mutant | -10/Subcaves Scavenger-Mutant | -8/Materials Mutant | -8/Storage Mutant | -8/Recycling Mutant | -8/Scraptown Skirmisher | -6/Factory Scavenger-Scrapper | -6/Lower Caves Scavenger-Scrapper | -6/Lower Caves Scavenger-Scrapper | -6/Zion Scavenger-Scrapper | -5/Proximity Caves Scrapper | -5/Factory Commander-Scrapper | -5/Upper Caves Commander-Scrapper | -5/Upper Caves Scavenger-Scrapper | -5/Warlord Scavenger-Scrapper | -4/Proximity Caves Scavenger-Scrapper | -4/Factory Scavenger-Scrapper | -4/Extension Commander-Scrapper | -4/Cetus Commander-Scrapper | -4/Archives Commander-Scrapper | -4/Hub_04(d) Scavenger-Skirmisher | -3/Research Hacker-Gunner | -3/Quarantine Scavenger-Skirmisher | -2/Research Resources | -11 -10 -10 -10 -8 -8 -8 -8 -6 -6 -6 -6 -5 -5 -5 -5 -5 -4 -4 -4 -4 -4 -4 -3 -3 -2 ----------- Run | Yrd Mat Min Sub Mat Sto Rec Scr Fac Low Low Zio Pro Fac Upp Upp War Pro Fac Ext Cet Arc Hub Res Qua Res Matter Collected 14342 | 231 468 225 486 734 735 146 190 916 46 40 50 110 765 120 80 428 382 1170 2024 255 256 142 372 2278 1693 Remotely 951 | . . . . . . . . . . . . . . . . . . . . . . . . 691 260 Salvage Created 14848 | 63 502 237 87 630 361 144 . 1266 . . . . 655 70 478 309 396 1050 1417 270 73 273 409 2361 3797 Parts 768 | 5 36 12 7 43 27 12 . 38 . . . . 19 4 24 4 16 51 65 15 7 20 26 150 187 Haulers Intercepted 13 | . 1 . . 4 5 . . . . . . . 2 . . . . . . . . . . . 1 Recyclers Shooed 8 | . . . . . . . . 1 . . . . 2 . . . . . 2 . . . . . 3 Parts Field Recycled . | . . . . . . . . . . . . . . . . . . . . . . . . . . Retrieved Matter . | . . . . . . . . . . . . . . . . . . . . . . . . . . Parts Self-Destructed 99 | . . . 28 . . . . . 2 7 1 3 . 9 25 . 24 . . . . . . . . Prevented 66 | . . . . . . . . . 1 7 3 21 . . 14 . 20 . . . . . . . . Kills | -11 -10 -10 -10 -8 -8 -8 -8 -6 -6 -6 -6 -5 -5 -5 -5 -5 -4 -4 -4 -4 -4 -4 -3 -3 -2 ------- Run | Yrd Mat Min Sub Mat Sto Rec Scr Fac Low Low Zio Pro Fac Upp Upp War Pro Fac Ext Cet Arc Hub Res Qua Res Combat Hostiles Destroyed 181 | . 10 9 7 11 5 2 . 22 . . . . 3 1 5 8 8 16 15 3 . 1 4 18 33 Melee 1 | . . . . . . . . . . . . . . . 1 . . . . . . . . . . Guns 89 | . 5 8 . 4 . . . 4 . . . . . . . . . . 15 3 . 1 4 18 27 Cannons 66 | . 5 . 1 5 5 2 . 11 . . . . 3 1 4 7 7 15 . . . . . . . AOE 21 | . . 1 6 2 . . . 6 . . . . . . . . . 1 . . . . . . 5 Classes Destroyed 26 | 2 6 . 1 2 . . . 6 . . . . . 1 3 2 1 1 . . . 1 . . . Worker 11 | . . . . 2 1 . . . . . . . 1 . . . . 1 1 . . . . 3 2 Builder 20 | . 2 . . . 2 . . 1 . . . . 1 . . . . . 1 . . . 2 4 7 Tunneler 2 | 1 1 . . . . . . . . . . . . . . . . . . . . . . . . Hauler 13 | . 1 . . 4 5 . . . . . . . 2 . . . . . . . . . . . 1 Recycler 20 | 1 . . . . . 1 . 2 . . . . 1 . . . . 2 1 . . 1 . 4 7 Minesweeper 1 | . . . . . . . . . . . . . . . 1 . . . . . . . . . . Mechanic 2 | . . . . . . . . . . . . . . . . . . 1 . . . . . . 1 Operator 4 | . 1 . . . . . . . . . . . 1 . . . . . . . 2 . . . . Drone 1 | . . . . . . . . . . . . . . . . . 1 . . . . . . . . Watcher 19 | . 3 . . 2 1 . . 1 . . . . . . . . . 1 1 1 . 2 1 3 3 Swarmer 17 | . 3 3 . 1 3 . . . . . . . . . . . . 2 . . . . 2 . 3 Cutter 2 | . . . . . . . . 2 . . . . . . . . . . . . . . . . . Saboteur 2 | . . . . . . . . . . . . . . . . 2 . . . . . . . . . Grunt 74 | . 7 6 . 8 1 . . 12 . . . . 1 . 3 4 2 6 8 . . . . 7 9 Brawler 2 | . . . . . . . . 1 . . . . . . . 1 . . . . . . . . . Duelist 2 | . . . . . . . . 1 . . . . . . . . . . . . . . . . 1 Protector 2 | . . . . . . . . 1 . . . . . . . . . 1 . . . . . . . Sentry 18 | . . . . 2 1 2 . 1 . . . . 1 . 1 . . 2 5 . . . 2 1 . Specialist 4 | . . . . . . . . 2 . . . . . . . . . . . . . . . . 2 Hunter 16 | . . . . . . . . . . . . . . 1 . . . 2 . . . . . 2 11 Programmer 25 | . . . . . . . . 2 . . . . 1 . . . 4 4 . . . . . 8 6 Heavy 1 | . . . . . . . . . . . . . . . . . . . . . . 1 . . . Behemoth 3 | . . . . . . . . . . . . . . . 1 . 1 . . . . . . . 1 Cetus Guard 3 | . . . . . . . . . . . . . . . . . . . . 3 . . . . . Executioner 1 | . . . . . . . . . . . . . . . . 1 . . . . . . . . . Subdweller 7 | . . . 7 . . . . . . . . . . . . . . . . . . . . . . Scrapoid 1 | . . . . . . . . . . . . . . . 1 . . . . . . . . . . Thug 1 | . . . . . . . . . . . . . . . . . . . 1 . . . . . . Savage 1 | . . . . . . . . . . . . . . . . . . . 1 . . . . . . Wizard 1 | . . . . . . . . . . . . . . . . . . . . . . . 1 . . Best Kill Streak 13 | 2 5 3 7 3 3 1 . 8 . . . . 2 1 3 4 3 4 7 3 1 2 2 8 13 Combat Bots Only 8 | . 2 3 7 3 2 1 . 8 . . . . 1 1 3 4 3 4 6 2 . 1 2 4 7 Max Kills in Single Turn 8 | 1 2 1 2 2 1 1 . 2 . . . . 1 1 2 1 1 2 2 1 1 1 2 2 8 Gunslinging 1 | . . . . . . . . . . . . . . . . . . . 1 . . . 1 . 1 Exploded 3 | . . 1 2 2 . . . 2 . . . . . . . . . 1 . . . . . . 3 Melee 1 | . . . . . . . . . . . . . . . 1 . . . . . . . . . . Uniques/NPCs Destroyed . | . . . . . . . . . . . . . . . . . . . . . . . . . . Combat | -11 -10 -10 -10 -8 -8 -8 -8 -6 -6 -6 -6 -5 -5 -5 -5 -5 -4 -4 -4 -4 -4 -4 -3 -3 -2 -------- Run | Yrd Mat Min Sub Mat Sto Rec Scr Fac Low Low Zio Pro Fac Upp Upp War Pro Fac Ext Cet Arc Hub Res Qua Res Hostile Shots Fired 1259 | . 59 53 25 45 28 . . 161 . . . . 6 6 2 18 21 98 101 24 7 22 12 159 412 Missed 359 | . 17 10 7 17 6 . . 43 . . . . 4 1 . 2 7 42 32 11 2 4 5 39 110 Damage Taken 18857 | . 456 551 492 515 286 119 . 2241 . . . 136 203 85 114 362 169 1247 1685 241 134 626 262 2251 6682 Core 2815 | . 47 58 75 16 9 . . 269 . . . 33 19 . 30 51 19 105 209 . . 37 48 324 1466 Absorbed by Shields 1527 | . . . . . . . . . . . . . . . . 85 141 233 120 103 . . . 302 543 Reduced by Siege Mode 227 | . . . . . . . . . . . . . . . . . . . . . . . . . 227 Redirected to Shielding 186 | . 3 10 . . . . . . . . . . . 8 18 . 7 42 44 . . . . 54 . Regen/Repaired (Parts) 947 | . 120 . . . 11 . . 76 . . 525 . . . . . . . 20 . . . 9 186 . Core Remaining (%) 73 | 100 . . 28 . . . 95 . . . . 64 . . . . 88 . . . . 69 . 71 . Volleys Fired 691 | 7 57 26 45 49 46 4 . 68 3 7 . . 17 2 7 19 14 54 51 11 12 8 13 82 89 Largest 4 | 2 2 2 2 2 2 2 . 4 1 2 . . 3 3 3 2 1 1 4 4 4 4 4 4 4 Hottest 189 | 60 85 100 104 93 78 78 . 189 30 60 . . 90 90 90 90 90 90 144 142 140 137 137 140 158 Shots Fired 1671 | 14 107 48 50 88 80 8 . 201 4 8 . . 48 6 21 21 14 54 187 44 48 32 41 265 282 Gun 1094 | 14 78 33 . 55 . . . 16 . . . . . . . . . . 186 44 48 32 41 265 282 Cannon 556 | . 26 14 45 29 80 8 . 179 4 8 . . 46 6 21 21 14 54 1 . . . . . . Launcher 17 | . 3 1 5 4 . . . 4 . . . . . . . . . . . . . . . . . Special 4 | . . . . . . . . 2 . . . . 2 . . . . . . . . . . . . Kinetic 1295 | 7 71 14 43 66 80 8 . 49 . . . . . . . 16 14 54 186 44 48 32 41 265 257 Thermal 337 | 7 33 33 2 21 . . . 150 4 8 . . 46 6 21 5 . . 1 . . . . . . Explosive 10 | . 3 1 5 1 . . . . . . . . . . . . . . . . . . . . . Electromagnetic . | . . . . . . . . . . . . . . . . . . . . . . . . . . Entropic 25 | . . . . . . . . . . . . . . . . . . . . . . . . . 25 Robot Hit Streak 23 | 6 11 10 10 21 12 4 . 20 . . . . 11 2 6 16 8 11 17 8 19 14 3 16 23 Robot Miss Streak 7 | 2 7 2 2 3 3 1 . 5 . . . . 2 1 2 1 2 3 4 2 2 2 3 4 4 Penetration Max 2 | . . . . . . . . . . . . . . . . . . . 2 1 . 1 1 2 2 Secondary Targets 19 | . . . . 1 . . . . . . . . . . . . . . 6 2 . . 2 1 7 Max Gunslinging Chain 2 | . . . . 1 . . . . . . . . . . . . . . 1 1 . . 2 1 1 Shots Hit Robots 1147 | 9 61 34 10 58 44 6 . 111 . 1 . . 41 3 36 25 17 44 149 33 34 20 19 189 203 Core Hits 541 | 3 31 17 16 36 19 4 . 50 . . . . 15 2 8 8 4 24 58 18 12 9 16 77 114 Critical Kills 31 | 1 . . . . . . . 1 . . . . . . . 1 . . 11 2 . . 1 7 7 Critical Parts Destroyed 54 | . 1 . . 1 . . . . . . . . . . . . . . 9 3 2 . 2 17 19 Critical Strikes 125 | 1 3 4 . 3 . 1 . 4 . . . . 1 . . 4 3 8 28 5 2 . 3 28 27 Burn 3 | . . 2 . . . . . 1 . . . . . . . . . . . . . . . . . Meltdown 2 | . . . . . . . . 1 . . . . . . . 1 . . . . . . . . . Destroy 89 | 1 1 . . 1 . . . . . . . . . . . . . . 28 5 2 . 3 24 24 Blast 22 | . 2 2 . 2 . 1 . 2 . . . . . . . 3 3 7 . . . . . . . Impale 6 | . . . . . . . . . . . . . 1 . . . . 1 . . . . . 4 . Detonate 3 | . . . . . . . . . . . . . . . . . . . . . . . . . 3 Melee Attacks 147 | . . . . . . . . 6 1 3 . 1 15 1 27 8 5 8 12 . . . 3 43 14 Impact 8 | . . . . . . . . 5 1 2 . . . . . . . . . . . . . . . Slashing . | . . . . . . . . . . . . . . . . . . . . . . . . . . Piercing 77 | . . . . . . . . . . . . 1 15 1 7 . 2 6 . . . . 3 30 12 Sneak Attacks 76 | . . . . . . . . 1 . 1 . . 6 . 21 8 3 5 12 . . . . 17 2 Combat Hostiles . | . . . . . . . . . . . . . . . . . . . . . . . . . . Follow-up Attacks . | . . . . . . . . . . . . . . . . . . . . . . . . . . Damage Inflicted 39397 | 103 893 564 1003 1722 1166 188 . 4059 . . . . 1669 80 617 1254 1147 3529 3486 1076 889 635 671 4642 10004 Guns 21416 | 103 641 312 . 816 . . . 340 . . . . . . . . . . 3486 1076 889 635 671 3804 8643 Cannons 11961 | . 207 175 179 395 1124 138 . 2581 . . . . 1087 80 448 1254 1107 3186 . . . . . . . Explosions 3982 | . 17 77 824 495 . . . 1043 . . . . . . . . . 165 . . . . . . 1361 Melee 1844 | . . . . . . . . 95 . . . . 524 . 169 . 40 178 . . . . . 838 . Ramming 194 | . 28 . . 16 42 50 . . . . . . 58 . . . . . . . . . . . . Kinetic 27892 | 53 586 175 156 1353 1124 138 . 1087 . . . . . . . 1200 1107 3186 3486 1076 889 635 671 3804 7166 Thermal 6946 | 50 262 312 23 353 . . . 2877 . . . . 1087 80 448 54 . 39 . . . . . . 1361 Explosive 918 | . 17 77 824 . . . . . . . . . . . . . . . . . . . . . . Electromagnetic 126 | . . . . . . . . . . . . . . . . . . 126 . . . . . . . Impact 95 | . . . . . . . . 95 . . . . . . . . . . . . . . . . . Slashing . | . . . . . . . . . . . . . . . . . . . . . . . . . . Piercing 1749 | . . . . . . . . . . . . . 524 . 169 . 40 178 . . . . . 838 . Entropic 1477 | . . . . . . . . . . . . . . . . . . . . . . . . . 1477 Highest Corruption 12 | . 1 1 1 . 1 1 . 2 2 2 2 1 8 4 . . 1 1 1 1 1 5 . 8 12 Average Corruption 1 | . 1 1 1 . 1 1 . 1 2 2 2 1 3 2 . . 1 1 1 1 1 2 . 5 1 Corruption Purged 9 | . . . . . . . . . . . . . 4 4 . . . . . . 1 . . . . Corruption Blocked . | . . . . . . . . . . . . . . . . . . . . . . . . . . Effects 247 | . 13 12 70 . 9 13 . 13 12 7 . 3 9 . . . 8 2 8 4 2 . . 51 11 Message Errors 54 | . . 2 12 . . 7 . 4 4 1 . 2 . . . . 1 1 2 1 . . . 10 7 Matter Fused 60 | . 3 5 20 . 5 1 . 3 1 . . . 1 . . . 3 1 3 . . . . 12 2 Heat Flow Errors 27 | . 1 1 10 . 1 1 . 1 1 2 . . 3 . . . 1 . . . . . . 5 . Energy Discharges 23 | . 3 3 5 . 1 . . 1 4 . . . 1 . . . . . . . . . . 5 . Parts Rejected 2 | . 1 . . . . . . . . 1 . . . . . . . . . . . . . . . Parts Fused 3 | . . . 1 . . . . . . . . . . . . . . . . 1 . . . 1 . Data Loss (minor) 34 | . 2 . 13 . . 2 . 1 1 2 . 1 2 . . . 2 . 2 1 . . . 5 . Data Loss (major) 12 | . 1 . 4 . . 2 . . . 1 . . 1 . . . 1 . . 1 . . . 1 . Misfires 18 | . 1 1 4 . . . . 3 1 . . . 1 . . . . . . . 1 . . 5 1 Alerts 6 | . 1 . 1 . 2 . . . . . . . . . . . . . 1 . . . . 1 . Weapon Failures 8 | . . . . . . . . . . . . . . . . . . . . . 1 . . 6 1 Overload Shots 4 | . . . . . . . . 2 . . . . . . . 1 . . 1 . . . . . . Effects 1 | . . . . . . . . 1 . . . . . . . . . . . . . . . . . Heat Surge 1 | . . . . . . . . 1 . . . . . . . . . . . . . . . . . Overflow Damage 1624 | . 3 . 3 56 2 . . 102 . . . . 114 . 72 . 284 552 . . . . . 260 176 Projectiles 848 | . 3 . . . 2 . . 11 . . . . 9 . 14 . 284 525 . . . . . . . Explosions 325 | . . . 3 56 . . . 81 . . . . . . . . . 9 . . . . . . 176 Melee 451 | . . . . . . . . 10 . . . . 105 . 58 . . 18 . . . . . 260 . Knockbacks 48 | . . 1 3 7 9 . . 4 . . . . 1 . . 5 5 13 . . . . . . . Impact 1 | . . . . . . . . . . . . . 1 . . . . . . . . . . . . Kinetic 44 | . . 1 2 7 8 . . 4 . . . . . . . 5 5 12 . . . . . . . Secondary 3 | . . . 1 . 1 . . . . . . . . . . . . 1 . . . . . . . Self-Inflicted Damage 231 | . . . 31 37 . 11 . 26 . . . . 29 . . . . . . . . . . . 97 Shots 7 | . . . 4 1 . . . 1 . . . . . . . . . . . . . . . . 1 Rammed 16 | . 6 . . 2 4 3 . . . . . . 1 . . . . . . . . . . . . Targets Rammed 17 | . 6 . . 3 4 3 . . . . . . 1 . . . . . . . . . . . . Kicked . | . . . . . . . . . . . . . . . . . . . . . . . . . . Crushed 1 | . . . . 1 . . . . . . . . . . . . . . . . . . . . . Highest Temperature 410 | 20 198 259 224 8 258 179 . 321 83 208 . . 212 . 7 130 163 338 410 . . 126 39 155 169 Average Temperature 79 | 20 48 95 95 4 146 103 . 109 51 98 . . 113 . 4 53 49 104 129 . . 39 6 65 31 Received Heat Transfer 3217 | . 207 264 87 276 99 60 . 621 . . . 24 . . 9 12 14 158 603 13 . . 9 93 668 Effects 7 | . . . . . . . . 6 . . . . . . . . . . 1 . . . . . . Shutdowns 1 | . . . . . . . . . . . . . . . . . . . 1 . . . . . . Interference 5 | . . . . . . . . 5 . . . . . . . . . . . . . . . . . Short Circuit 1 | . . . . . . . . 1 . . . . . . . . . . . . . . . . . Siege Activations 11 | . . . . . . . . . . . . . . . . . . . . . . . . . 11 Total Turns 145 | . . . . . . . . . . . . . . . . . . . . . . . . . 145 Longest Duration 28 | . . . . . . . . . . . . . . . . . . . . . . . . . 28 Robots Corrupted 1 | . . . . . . . . . . . . . 1 . . . . . . . . . . . . Combat Hostiles . | . . . . . . . . . . . . . . . . . . . . . . . . . . Parts Fried 5 | . . . . . 1 . . . . . . . 2 . 1 . . . . . . . 1 . . Impact Corruptions 3 | . . . . . . . . 1 . . . . 1 . . . . 1 . . . . . . . Robots Melted 2 | . . . . . . . . 1 . . . . . . . 1 . . . . . . . . . Combat Hostiles 2 | . . . . . . . . 1 . . . . . . . 1 . . . . . . . . . Parts Melted 23 | . . 5 . . . . . 10 . . . . 2 1 . 2 . . 1 . . . . . 2 Heat Transferred 8750 | 125 647 1073 37 450 . . . 3371 . . . . 1332 111 580 74 . 50 . . . . . . 900 Parts Sabotaged 4 | . . . . . . . . . . . . . . . . . . . . . . . . . 4 Parts Stolen . | . . . . . . . . . . . . . . . . . . . . . . . . . . Parts Stripped . | . . . . . . . . . . . . . . . . . . . . . . . . . . Power Chain Reactions 1 | . . . . . . . . . . . . . . . . . . 1 . . . . . . . Alert | -11 -10 -10 -10 -8 -8 -8 -8 -6 -6 -6 -6 -5 -5 -5 -5 -5 -4 -4 -4 -4 -4 -4 -3 -3 -2 ------- Run | Yrd Mat Min Sub Mat Sto Rec Scr Fac Low Low Zio Pro Fac Upp Upp War Pro Fac Ext Cet Arc Hub Res Qua Res Peak Influence 1003 | 10 113 202 . 341 213 140 . 886 . . . . 775 . . . . 649 610 591 496 506 431 558 1003 Initial 331 | . 6 7 . 27 117 . . . . . . . 11 . . . . 150 316 331 236 103 171 155 132 Average 236 | 7 51 43 . 165 52 30 . 423 . . . . 341 . . . . 430 239 454 448 441 273 342 396 Maximum Alert Level 3 | . . 1 . 1 1 . . 3 . . . . 3 . . . . 2 2 2 2 2 2 2 3 Low Security (%) 49 | 100 100 91 . 54 92 100 . 38 . . . . 28 . . . . 5 39 . . 1 21 9 12 Level 1 26 | . . 8 . 45 7 . . 8 . . . . 41 . . . . 33 47 23 21 24 68 52 46 Level 2 18 | . . . . . . . . 26 . . . . 9 . . . . 60 13 76 78 74 9 38 28 Level 3 5 | . . . . . . . . 25 . . . . 21 . . . . . . . . . . . 13 Level 4 . | . . . . . . . . . . . . . . . . . . . . . . . . . . Level 5 . | . . . . . . . . . . . . . . . . . . . . . . . . . . High Security . | . . . . . . . . . . . . . . . . . . . . . . . . . . Max Security . | . . . . . . . . . . . . . . . . . . . . . . . . . . Squads Dispatched 73 | . 2 1 . 4 5 . . 12 . . . . 8 . 1 . . 12 1 . . 3 7 5 12 Investigation 19 | . 2 1 . 2 1 . . 4 . . . . 2 . . . . 2 . . . 2 2 . 1 Extermination 13 | . . . . . . . . 3 . . . . 1 . . . . 2 . . . 1 . 3 3 Reinforcement 26 | . . . . 2 . . . 4 . . . . 4 . . . . 3 1 . . . 5 2 5 Assault 6 | . . . . . . . . 1 . . . . . . 1 . . 2 . . . . . . 2 Garrison 9 | . . . . . 4 . . . . . . . 1 . . . . 3 . . . . . . 1 Intercept . | . . . . . . . . . . . . . . . . . . . . . . . . . . Searches Triggered . | . . . . . . . . . . . . . . . . . . . . . . . . . . Construction Impeded 4 | . . . . . . . . . . . . . . . . . . 2 1 . . . . 1 . Haulers Reinforced 6 | . . . . . . . . . . . . . 2 . . . . . . . . . 2 . 2 Active Scanning Responses . | . . . . . . . . . . . . . . . . . . . . . . . . . . Cargo Convoy Interrupts . | . . . . . . . . . . . . . . . . . . . . . . . . . . Stealth | -11 -10 -10 -10 -8 -8 -8 -8 -6 -6 -6 -6 -5 -5 -5 -5 -5 -4 -4 -4 -4 -4 -4 -3 -3 -2 --------- Run | Yrd Mat Min Sub Mat Sto Rec Scr Fac Low Low Zio Pro Fac Upp Upp War Pro Fac Ext Cet Arc Hub Res Qua Res Distress Signals 27 | . 2 . . 2 3 . . 1 . . . . . . . . . 2 4 2 . . 7 3 1 Communications Jammed 206 | . . . . . . . . . . . . . . . . . 3 1 1 . . 4 . 14 183 Distress Signals 196 | . . . . . . . . . . . . . . . . . . . 1 . . . . 14 181 Times Spotted 458 | . 22 11 29 21 23 1 . 48 . . . 4 22 3 12 31 10 35 30 9 11 19 20 26 71 Peak Tracking Total 13 | . 4 3 6 3 5 1 . 6 . . . 3 3 2 9 13 3 8 4 5 1 12 4 5 12 Tactical Retreats 30 | . . . 1 . 1 . . 13 . . . . . . . 2 . 1 . . . . 1 8 3 Traps | -11 -10 -10 -10 -8 -8 -8 -8 -6 -6 -6 -6 -5 -5 -5 -5 -5 -4 -4 -4 -4 -4 -4 -3 -3 -2 ------- Run | Yrd Mat Min Sub Mat Sto Rec Scr Fac Low Low Zio Pro Fac Upp Upp War Pro Fac Ext Cet Arc Hub Res Qua Res Traps Triggered 13 | . 1 . . . . . . . . . . . . . . . . 1 5 . . 1 . 2 3 Indirectly . | . . . . . . . . . . . . . . . . . . . . . . . . . . Trap Hack Attempts 52 | . . . . . . . . 2 . . . . 6 . . . . . . . . . 14 . 30 Triggered . | . . . . . . . . . . . . . . . . . . . . . . . . . . Disarmed 2 | . . . . . . . . . . . . . . . . . . . . . . . . . 2 Reprogrammed 4 | . . . . . . . . 1 . . . . 1 . . . . . . . . . 2 . . Reused 1 | . . . . . . . . 1 . . . . . . . . . . . . . . . . . Traps Extracted . | . . . . . . . . . . . . . . . . . . . . . . . . . . Installed . | . . . . . . . . . . . . . . . . . . . . . . . . . . Triggered 20 | . . . . . . . . 1 1 3 . . 1 . 1 12 1 . . . . . . . . Machines | -11 -10 -10 -10 -8 -8 -8 -8 -6 -6 -6 -6 -5 -5 -5 -5 -5 -4 -4 -4 -4 -4 -4 -3 -3 -2 ---------- Run | Yrd Mat Min Sub Mat Sto Rec Scr Fac Low Low Zio Pro Fac Upp Upp War Pro Fac Ext Cet Arc Hub Res Qua Res Machines Disabled 62 | . . 2 2 1 5 . . 20 . . . . 2 . 4 1 . 5 3 . 2 3 3 6 3 Max in Single Turn 12 | . . 1 . 1 1 . . 12 . . . . . . 1 1 . 2 1 . 1 1 . 2 1 Garrison Access 7 | . . . . . . . . 2 . . . . 2 . . . . . . . . . 1 1 1 Network Hub 1 | . . . . . . . . . . . . . . . . . . . . . . 1 . . . Machines Repaired 1 | . . . . 1 . . . . . . . . . . . . . . . . . . . . . Machines Dismantled . | . . . . . . . . . . . . . . . . . . . . . . . . . . Machines Sabotaged 1 | . . . . . . . . . . . . . . . . . . . . . . 1 . . . Overloaded Fab Kills . | . . . . . . . . . . . . . . . . . . . . . . . . . . Hacking | -11 -10 -10 -10 -8 -8 -8 -8 -6 -6 -6 -6 -5 -5 -5 -5 -5 -4 -4 -4 -4 -4 -4 -3 -3 -2 --------- Run | Yrd Mat Min Sub Mat Sto Rec Scr Fac Low Low Zio Pro Fac Upp Upp War Pro Fac Ext Cet Arc Hub Res Qua Res Machines Accessed 117 | . 11 1 3 4 7 10 4 11 . 1 . . 10 1 . 11 . 4 11 3 . 2 7 12 4 Terminals 55 | . 8 . . 2 5 6 . 2 . . . . 2 . . . . 1 11 3 . 2 3 8 2 Fabricators 4 | . . . . . . . . 1 . . . . 3 . . . . . . . . . . . . Repair Stations 8 | . 1 . . . 1 . . 4 . . . . . . . . . 1 . . . . . 1 . Recycling Units 13 | . 2 . . 1 . 4 . 2 . . . . 2 . . . . . . . . . 1 . 1 Scanalyzers 7 | . . . . 1 . . . . . . . . 1 . . . . 1 . . . . 2 2 . Garrison Access 9 | . . . . . 1 . . 2 . . . . 2 . . . . 1 . . . . 1 1 1 Total Hacks 317 | . 29 1 7 7 16 15 14 20 . 1 . . 20 1 . 20 . 11 24 5 . 7 40 55 24 Successful 167 | . 13 1 7 4 6 10 14 12 . 1 . . 10 1 . 20 . 4 8 2 . 1 23 22 8 Failed 150 | . 16 . . 3 10 5 . 8 . . . . 10 . . . . 7 16 3 . 6 17 33 16 Catastrophic 29 | . 1 . . . 2 . . . . . . . 2 . . . . 3 5 2 . 2 2 7 3 Database Lockouts . | . . . . . . . . . . . . . . . . . . . . . . . . . . Manual 102 | . 23 . . 3 8 12 . 7 . . . . 8 . . . . . 8 3 . 7 18 1 4 Terminals 178 | . 22 . . 4 10 10 . 4 . . . . 4 . . . . 3 24 5 . 7 32 31 22 Fabricators 9 | . . . . . . . . 1 . . . . 8 . . . . . . . . . . . . Repair Stations 26 | . 5 . . . 4 . . 9 . . . . . . . . . 2 . . . . . 6 . Recycling Units 18 | . 2 . . 1 . 5 . 2 . . . . 4 . . . . . . . . . 3 . 1 Scanalyzers 25 | . . . . 2 . . . . . . . . 1 . . . . 3 . . . . 4 15 . Garrison Access 17 | . . . . . 2 . . 4 . . . . 3 . . . . 3 . . . . 1 3 1 Terminal Hacks 92 | . 2 1 7 2 1 1 14 2 . 1 . . 1 1 . 20 . 1 8 2 . . 13 10 5 Record 35 | . . . 5 . . . 4 . . . . . . . . 18 . . 1 1 . . 3 3 . Part Schematic 7 | . . . . 2 . 1 . . . . . . . . . . . . . . . . 3 1 . Robot Analysis 10 | . . . . . . . 9 . . . . . . . . . . . . . . . . 1 . Prototype ID Bank 3 | . 1 . . . . . . 1 . . . . . . . . . . . . . . 1 . . Open Door 11 | . . 1 1 . . . . . . 1 . . . 1 . 2 . . 4 1 . . . . . Level Access Points 1 | . . . . . . . . . . . . . . . . . . . . . . . . . 1 Branch Access Points 2 | . . . . . . . . . . . . . . . . . . . . . . . 1 . 1 Terminal Index 4 | . 1 . . . . . . 1 . . . . . . . . . . . . . . 1 . 1 Recycling Unit Index 1 | . . . . . . . . . . . . . . . . . . . . . . . 1 . . Garrison Index 1 | . . . . . . . . . . . . . . . . . . . . . . . . 1 . Alert Level 2 | . . . . . . . . . . . . . . . . . . . 1 . . . 1 . . Unreport Threat 5 | . . . . . 1 . . . . . . . . . . . . . 2 . . . . 2 . Recall Extermination 1 | . . . . . . . . . . . . . . . . . . . . . . . . 1 . Recall Reinforcements 2 | . . . . . . . . . . . . . . . . . . 1 . . . . . . 1 Hauler Manifests 3 | . . . . . . . . . . . . . . . . . . . . . . . 1 1 1 Zone Layout 2 | . . . . . . . . . . . . . 1 . . . . . . . . . 1 . . Derelict Proto ID Bank 1 | . . . . . . . 1 . . . . . . . . . . . . . . . . . . Release Object 1 | . . . 1 . . . . . . . . . . . . . . . . . . . . . . Fabricator Hacks 4 | . . . . . . . . 1 . . . . 3 . . . . . . . . . . . . Network Status 1 | . . . . . . . . 1 . . . . . . . . . . . . . . . . . Load Schematic 1 | . . . . . . . . . . . . . 1 . . . . . . . . . . . . Build 2 | . . . . . . . . . . . . . 2 . . . . . . . . . . . . Repair Station Hacks 13 | . 3 . . . 2 . . 3 . . . . . . . . . 2 . . . . . 3 . Scan Component 8 | . 2 . . . 1 . . 2 . . . . . . . . . 1 . . . . . 2 . Repair 5 | . 1 . . . 1 . . 1 . . . . . . . . . 1 . . . . . 1 . Recycling Unit Hacks 1 | . . . . . . . . . . . . . . . . . . . . . . . 1 . . Recycle Component 1 | . . . . . . . . . . . . . . . . . . . . . . . 1 . . Scanalyzer 11 | . . . . 1 . . . . . . . . . . . . . 1 . . . . 2 7 . Insert Component 8 | . . . . 1 . . . . . . . . . . . . . 1 . . . . 1 5 . Analyze 3 | . . . . . . . . . . . . . . . . . . . . . . . 1 2 . Garrison Access Hacks 7 | . . . . . . . . 2 . . . . 2 . . . . . . . . . 1 1 1 Seal Access 7 | . . . . . . . . 2 . . . . 2 . . . . . . . . . 1 1 1 Unauthorized Hacks 39 | . 8 . . 1 3 9 . 4 . . . . 4 . . . . . . . . 1 6 1 2 Terminals 20 | . 6 . . . 2 5 . . . . . . . . . . . . . . . 1 5 . 1 Assimilate 1 | . . . . . 1 . . . . . . . . . . . . . . . . . . . . Botnet 2 | . . . . . . . . . . . . . . . . . . . . . . . 2 . . Operators 4 | . 1 . . . 1 . . . . . . . . . . . . . . . . . 1 . 1 Skim 12 | . 5 . . . . 5 . . . . . . . . . . . . . . . . 2 . . Sabotage 1 | . . . . . . . . . . . . . . . . . . . . . . 1 . . . Fabricators 2 | . . . . . . . . . . . . . 2 . . . . . . . . . . . . Prioritize 1 | . . . . . . . . . . . . . 1 . . . . . . . . . . . . Liberate 1 | . . . . . . . . . . . . . 1 . . . . . . . . . . . . Repair Stations 7 | . . . . . . . . 3 . . . . 2 . . . . . . . . . 1 . 1 Patch 1 | . . . . . . . . 1 . . . . . . . . . . . . . . . . . Recycling Units 7 | . 2 . . 1 . 4 . . . . . . . . . . . . . . . . . . . Tunnel 7 | . 2 . . 1 . 4 . . . . . . . . . . . . . . . . . . . Scrapoids 6 | . . . . . . . . 2 . . . . 2 . . . . . . . . . 1 . 1 Scanalyzers 1 | . . . . . . . . . . . . . . . . . . . . . . . . 1 . Researchers 1 | . . . . . . . . . . . . . . . . . . . . . . . . 1 . Garrison Access 2 | . . . . . 1 . . 1 . . . . . . . . . . . . . . . . . Watchers 2 | . . . . . 1 . . 1 . . . . . . . . . . . . . . . . . Data Cores Recovered 4 | . . . . . 1 . . . . . . . 1 . . . . . . . . 1 1 . . Used 2 | . . . . . 1 . . . . . . . . . . . . . . . . . 1 . . Hacking Detections 63 | . 9 . . 2 5 2 . 6 . . . . 5 . . . . 3 8 2 . 2 6 10 3 Full Trace Events 5 | . . . . 1 1 . . 1 . . . . . . . . . 2 . . . . . . . Feedback Events 2 | . . . . . 1 . . 1 . . . . . . . . . . . . . . . . . Corruption 2 | . . . . . 1 . . 1 . . . . . . . . . . . . . . . . . Feedback Blocked . | . . . . . . . . . . . . . . . . . . . . . . . . . . Robot Schematics Acquired 2 | . . . . . . . . . . . . . . . . . . . . . . . . 2 . Robots Built . | . . . . . . . . . . . . . . . . . . . . . . . . . . Authchips . | . . . . . . . . . . . . . . . . . . . . . . . . . . Time . | . . . . . . . . . . . . . . . . . . . . . . . . . . Total Robot Build Rating . | . . . . . . . . . . . . . . . . . . . . . . . . . . Part Schematics Acquired 20 | . . . . 2 . 1 . . . . . . . . . . . . . . . . 4 13 . Parts Built 4 | . . . . . . . . . . . . . 4 . . . . . . . . . . . . Authchips 1 | . . . . . . . . . . . . . 1 . . . . . . . . . . . . Time 164 | . . . . . . . . . . . . . 164 . . . . . . . . . . . . Total Part Build Rating 22 | . . . . . . . . . . . . . 22 . . . . . . . . . . . . Parts Repaired 5 | . 1 . . . 1 . . 1 . . . . . . . . . 1 . . . . . 1 . Time 307 | . 26 . . . 136 . . 49 . . . . . . . . . 47 . . . . . 49 . Parts Recycled 1 | . . . . . . . . . . . . . . . . . . . . . . . 1 . . Recycled Matter . | . . . . . . . . . . . . . . . . . . . . . . . . . . Retrieved Matter . | . . . . . . . . . . . . . . . . . . . . . . . . . . Retrieved Components . | . . . . . . . . . . . . . . . . . . . . . . . . . . Parts Scanalyzed 3 | . . . . 1 . . . . . . . . . . . . . 1 . . . . . 1 . Part Schematics Acquired 2 | . . . . . . . . . . . . . . . . . . . . . . . 1 1 . Parts Damaged 2 | . . . . 1 . . . . . . . . . . . . . 1 . . . . . . . Bothacking | -11 -10 -10 -10 -8 -8 -8 -8 -6 -6 -6 -6 -5 -5 -5 -5 -5 -4 -4 -4 -4 -4 -4 -3 -3 -2 ------------ Run | Yrd Mat Min Sub Mat Sto Rec Scr Fac Low Low Zio Pro Fac Upp Upp War Pro Fac Ext Cet Arc Hub Res Qua Res Used RIF Installer . | . . . . . . . . . . . . . . . . . . . . . . . . . . Robots Hacked 14 | . . . . . . . . 1 . 1 . . . . . . . 2 . . . . . 8 2 Non-combat 5 | . . . . . . . . 1 . . . . . . . . . 2 . . . . . . 2 Combat 2 | . . . . . . . . . . 1 . . . . . . . . . . . . . 1 . Robot Hacks Applied 7 | . . . . . . . . 1 . 1 . . . . . . . 2 . . . . . 1 2 parse_system 1 | . . . . . . . . . . 1 . . . . . . . . . . . . . . . find_chute 1 | . . . . . . . . 1 . . . . . . . . . . . . . . . . . find_fabricator 1 | . . . . . . . . . . . . . . . . . . . . . . . . . 1 find_recycling 2 | . . . . . . . . . . . . . . . . . . 1 . . . . . . 1 find_station 1 | . . . . . . . . . . . . . . . . . . 1 . . . . . . . find_scanalyzer 1 | . . . . . . . . . . . . . . . . . . . . . . . . 1 . Manual 8 | . . . . . . . . . . . . . . . . . . . . . . . . 8 . Relay Couplers Released . | . . . . . . . . . . . . . . . . . . . . . . . . . . Fabnet Peak Effective % . | . . . . . . . . . . . . . . . . . . . . . . . . . . Robots Rewired 20 | . . . . . . . . . . . . . . . 5 5 2 . 8 . . . . . . Allies Hacked 2 | . . . . . . . . 1 . . . . . . . . . 1 . . . . . . . Hacks Repelled 1 | . . . . . . . . . . . . . . . 1 . . . . . . . . . . Allies | -11 -10 -10 -10 -8 -8 -8 -8 -6 -6 -6 -6 -5 -5 -5 -5 -5 -4 -4 -4 -4 -4 -4 -3 -3 -2 -------- Run | Yrd Mat Min Sub Mat Sto Rec Scr Fac Low Low Zio Pro Fac Upp Upp War Pro Fac Ext Cet Arc Hub Res Qua Res Total Allies 125 | . . 3 14 . . . . 10 . 4 5 4 16 . 9 5 8 10 15 5 . . 11 . 6 Largest Group 14 | . . 3 9 6 . . . 5 . 4 9 9 12 11 13 12 5 7 11 14 12 11 9 . 4 Highest-Rated Group 939 | . . 40 171 115 . . . 143 . 324 470 470 632 592 648 660 389 483 556 939 866 707 637 . 324 Highest-Rated Ally 159 | . . 16 20 20 . . . 31 . 81 81 81 81 81 81 81 81 81 159 159 159 96 81 . 81 Total Orders 3 | . . . . . . . . . . . . . 3 . . . . . . . . . . . . EXPLORE 1 | . . . . . . . . . . . . . 1 . . . . . . . . . . . . RETURN 2 | . . . . . . . . . . . . . 2 . . . . . . . . . . . . Ally Attacks 1007 | . . 14 66 64 . . . 59 . 5 . 47 135 26 91 77 12 94 102 38 24 48 85 . 20 Total Damage 26526 | . . 154 1005 871 . . . 754 . 204 . 1329 3224 504 2537 2771 355 3570 2488 915 656 1453 2300 . 1436 Kills 188 | . . 2 12 14 . . . 9 . 3 . 7 26 5 14 17 2 17 17 6 4 10 14 . 9 Allies Corrupted 4 | . . . 1 . . . . . . . . . 1 . . . . . . . . 2 . . . Allies Melted 2 | . . . . . . . . . . . . . . . . 2 . . . . . . . . . Intel | -11 -10 -10 -10 -8 -8 -8 -8 -6 -6 -6 -6 -5 -5 -5 -5 -5 -4 -4 -4 -4 -4 -4 -3 -3 -2 ------- Run | Yrd Mat Min Sub Mat Sto Rec Scr Fac Low Low Zio Pro Fac Upp Upp War Pro Fac Ext Cet Arc Hub Res Qua Res Robot Analysis Total 10 | . . . . . . . 9 . . . . . . . . . . . . . . . . 1 . Derelict Logs Recovered 15 | . . 1 2 . . . 3 . 1 . . 2 . 3 1 . 2 . . . . . . . . Drone Launches 5 | . . . . . . . . . . . . . 5 . . . . . . . . . . . . Drone Recoveries 4 | . . . . . . . . . . . . . 4 . . . . . . . . . . . . Exploration | -11 -10 -10 -10 -8 -8 -8 -8 -6 -6 -6 -6 -5 -5 -5 -5 -5 -4 -4 -4 -4 -4 -4 -3 -3 -2 ------------- Run | Yrd Mat Min Sub Mat Sto Rec Scr Fac Low Low Zio Pro Fac Upp Upp War Pro Fac Ext Cet Arc Hub Res Qua Res Turns Passed 42710 | 48 2490 1730 8195 1267 1716 1747 5328 2006 675 486 1490 745 1806 1002 1427 935 1004 955 1340 398 473 418 1081 2252 1696 Spaces Moved 25648 | 22 986 674 3332 518 882 976 2896 1237 494 383 1208 657 1431 889 1322 844 889 746 997 265 165 363 960 1680 832 Core 6 | . . . . . . . . . . . . . . . . . . . . . . . . . 6 Treads 7038 | . 908 674 3332 518 882 723 . . . . . . . . . . . . . . . . . . 1 Legs 112 | 22 78 . . . . . . . . . . . . . . . . . . . . . . . 12 Wheels 18492 | . . . . . . 253 2896 1237 494 383 1208 657 1431 889 1322 844 889 746 997 265 165 363 960 1680 813 Hover . | . . . . . . . . . . . . . . . . . . . . . . . . . . Flight . | . . . . . . . . . . . . . . . . . . . . . . . . . . Fastest Speed 90 | 120 120 240 240 160 158 161 140 106 120 110 110 110 100 100 100 100 100 100 90 100 100 100 100 100 100 Average Speed 146 | 120 220 240 240 184 160 173 182 128 120 112 112 110 103 100 100 100 100 100 99 100 100 100 100 100 138 Slowest Speed 330 | 120 240 240 240 240 165 210 210 220 120 120 120 120 120 100 100 100 100 100 100 100 100 100 100 110 330 Overloaded Moves . | . . . . . . . . . . . . . . . . . . . . . . . . . . Propulsion Burnouts . | . . . . . . . . . . . . . . . . . . . . . . . . . . Robots Hopped 3 | . . . . . . . . . . . . . . 3 . . . . . . . . . . . Cave-ins Triggered . | . . . . . . . . . . . . . . . . . . . . . . . . . . Exploration Rate (%) 68 | 2 99 100 97 42 96 98 94 31 64 56 86 77 31 90 97 93 91 21 88 79 75 24 33 90 18 Regions Visited 25 Branch Regions 18 Pre-discovered Areas 21 | . 2 1 . 1 1 8 . . . . 4 . . 2 1 1 . . . . . . . . . Known Exits Taken 21 | . . 1 1 1 . 1 . 1 1 1 1 1 1 1 1 1 1 1 1 1 1 1 1 1 . Unknown Exits Taken 4 | 1 1 . . . 1 . 1 . . . . . . . . . . . . . . . . . . Scrap Searched 23 | . . 1 5 . . . 4 . 2 . 4 . . 3 1 . 3 . . . . . . . . Spaces Dug 59 | . . . . 6 2 . . 4 3 4 . . 5 1 . . . 3 . . . 2 2 9 18 Terrain Destroyed 519 | . 20 12 10 58 7 2 . 138 3 4 . . 8 3 . . 2 16 47 4 12 12 5 29 127 Melee 32 | . . . . . . . . 3 1 2 . . 5 1 . . . 3 . . . . 2 9 6 Projectile 248 | . . . . 12 7 2 . 10 2 2 . . 3 2 . . 2 13 47 4 12 12 3 18 97 AOE 237 | . 20 12 10 46 . . . 125 . . . . . . . . . . . . . . . . 24 Terrain Rammed . | . . . . . . . . . . . . . . . . . . . . . . . . . . Walls Destroyed . | . . . . . . . . . . . . . . . . . . . . . . . . . . Machines Disabled . | . . . . . . . . . . . . . . . . . . . . . . . . . . Actions | -11 -10 -10 -10 -8 -8 -8 -8 -6 -6 -6 -6 -5 -5 -5 -5 -5 -4 -4 -4 -4 -4 -4 -3 -3 -2 --------- Run | Yrd Mat Min Sub Mat Sto Rec Scr Fac Low Low Zio Pro Fac Upp Upp War Pro Fac Ext Cet Arc Hub Res Qua Res Total 29331 | 29 1189 740 3496 737 1098 1013 2961 1502 571 425 1332 672 1692 993 1396 917 984 887 1265 375 443 401 1050 2008 1155 Wait 1700 | . 101 13 47 91 98 17 1 86 69 24 115 6 114 79 29 11 59 48 90 89 256 17 18 119 103 Move 25618 | 21 985 673 3331 517 881 975 2895 1236 493 382 1207 656 1430 883 1321 843 888 745 996 264 164 362 959 1679 832 Hop 2 | . . . . . . . . . . . . . . 2 . . . . . . . . . . . Pick Up 240 | . 15 10 31 11 8 5 16 30 1 2 1 . 24 2 2 3 2 7 18 4 3 . 12 17 16 Fast Attach 114 | 1 2 . . 10 12 1 15 13 . 2 1 . 14 7 . 11 1 3 3 . 2 2 2 4 8 Attach 91 | . 3 3 6 4 . . 3 19 . . . . 3 1 . . . 4 14 1 . . 2 8 20 Detach 18 | . . . 1 . . . 1 2 . . . . 1 3 . 1 . 1 6 . 1 . . 1 . Swap 294 | . 15 9 7 26 21 5 2 12 2 2 6 9 29 4 8 3 11 11 27 4 2 2 14 39 24 Drop 289 | . 5 6 27 24 26 1 28 27 2 3 2 . 38 9 2 17 4 5 16 2 3 2 13 16 11 Fire 691 | 7 57 26 45 49 46 4 . 68 3 7 . . 17 2 7 19 14 54 51 11 12 8 13 82 89 Melee 147 | . . . . . . . . 6 1 3 . 1 15 1 27 8 5 8 12 . . . 3 43 14 Ram 2 | . . . . . . 1 . . . . . . 1 . . . . . . . . . . . . Kick . | . . . . . . . . . . . . . . . . . . . . . . . . . . Crush 15 | . 6 . . 3 4 2 . . . . . . . . . . . . . . . . . . . Escape Stasis 48 | . . . . . . . . . . . . . . . . . . . 32 . . 8 . . 8 Rewire 2 | . . . . . . . . . . . . . . . . 1 . 1 . . . . . . . Trap 52 | . . . . . . . . 2 . . . . 6 . . . . . . . . . 14 . 30 Miscellaneous 8 | . . . 1 2 2 2 . 1 . . . . . . . . . . . . . . . . . Route ------- -11/Scrapyard -10/Materials (discovered 5 exits: *Mat x3 / *Min / Sub) -10/Mines (discovered 3 exits: *Mat x2 / *Sub) -10/Subcaves (discovered 3 exits: *Mat x2 / *Rec) -8/Materials (discovered 2 exits: Fac / *Sto) -8/Storage (discovered 2 exits: *Fac / *Rec) -8/Recycling (discovered 2 exits: *Fac / *Scr) -8/Scraptown (discovered 2 exits: *Fac x2) -6/Factory (discovered 5 exits: *Fac x3 / *Low x2) -6/Lower Caves -6/Lower Caves (discovered 2 exits: *Fac / *Zio) -6/Zion -5/Proximity Caves -5/Factory (discovered 2 exits: *Fac / *Upp) -5/Upper Caves -5/Upper Caves (discovered 2 exits: *Fac / *War) -5/Warlord -4/Proximity Caves -4/Factory -4/Extension (discovered 2 exits: *Res / *Cet) -4/Cetus (discovered 2 exits: *Res / *Arc) -4/Archives (discovered 3 exits: *Res / *Hub x2) -4/Hub_04(d) (discovered 2 exits: *Res x2) -3/Research (discovered 4 exits: *Res / Arm / *Qua x2) -3/Quarantine -2/Research (discovered 5 exits: Acc x3 / Tes x2) History --------- Turn | Location | Event 23 | -11/Scrapyard | Discovered new exit (range 3) 49 | -11/Scrapyard | Entered Materials 306 | -10/Materials | Build established: Mutant 975 | -10/Materials | Discovered new exit (range 14) 1369 | -10/Materials | Learned Storage stockpile data 1417 | -10/Materials | Learned location of 1 exit from Recycling 1454 | -10/Materials | Learned 2 Storage zone layouts 1483 | -10/Materials | Identified exit to Materials 1514 | -10/Materials | Discovered new exit (range 7) 1574 | -10/Materials | Learned location of 2 exits from Subcaves 1633 | -10/Materials | Learned Recycling recycling unit intel 1704 | -10/Materials | Identified exit to Subcaves 2104 | -10/Materials | Repaired Lgt. Treads 2539 | -10/Materials | Entered Mines 2687 | -10/Mines | Found a damaged Exp. Sensor Array with a note attached 2691 | -10/Mines | Found Prototype Device 2709 | -10/Mines | Identified Exp. Sensor Array 2896 | -10/Mines | Assisted by bots powering up and referring to "LRC-V3" 3434 | -10/Mines | Learned 2 Materials zone layouts 3600 | -10/Mines | Met a Derelict shopkeep closing up shop 3707 | -10/Mines | Learned location of Storage (-8) 4255 | -10/Mines | Discovered exit to Subcaves (range 6) 4269 | -10/Mines | Entered Subcaves 4269 | -10/Subcaves | Accompanied by 1 ally 4270 | -10/Subcaves | Identified exit to Materials 4312 | -10/Subcaves | Learned location of 1 exit from Materials 4356 | -10/Subcaves | Learned 2 Materials zone layouts 4569 | -10/Subcaves | Ambushed by swarm of Subdwellers 4577 | -10/Subcaves | Ambushed by Subdwellers from Twisted Machinery 4580 | -10/Subcaves | Core integrity fell below 50% 4617 | -10/Subcaves | Destroyed 7 combat bots 4617 | -10/Subcaves | Lost 4 parts (1p2n1w) 5157 | -10/Subcaves | Found SUBCON Basin 5229 | -10/Subcaves | Released subatomizers from SUBCON Basin 5681 | -10/Subcaves | Visited triangular shrine 5696 | -10/Subcaves | Found Prototype Device 5697 | -10/Subcaves | Identified V3-11A's Pendant 5702 | -10/Subcaves | Befriended Subdweller 5732 | -10/Subcaves | Befriended Subdweller 5737 | -10/Subcaves | Befriended Subdweller 5747 | -10/Subcaves | Shifting Twisted Machinery released Sub. Laser 5764 | -10/Subcaves | Shifting Twisted Machinery released Sub. Monowheel 5832 | -10/Subcaves | Befriended Subdweller 5832 | -10/Subcaves | Befriended Subdweller 5862 | -10/Subcaves | Befriended Subdweller 5887 | -10/Subcaves | Befriended Subdweller 6180 | -10/Subcaves | A swath of the cavern ceiling suddenly collapsed 6293 | -10/Subcaves | Visited Clippyterm 6300 | -10/Subcaves | Learned Factory stockpile data 6764 | -10/Subcaves | Disturbed a concealed Subdweller 6767 | -10/Subcaves | Befriended Subdweller 6810 | -10/Subcaves | Shifting Twisted Machinery released Mak. Spear 6880 | -10/Subcaves | Shifting Twisted Machinery released Battle Cannon 6905 | -10/Subcaves | Shifting Twisted Machinery released Sub. Machine Gun 6988 | -10/Subcaves | Shifting Twisted Machinery released Scrap Shield 7232 | -10/Subcaves | Befriended Subdweller 7297 | -10/Subcaves | Befriended Subdweller 7298 | -10/Subcaves | A swath of the cavern ceiling suddenly collapsed 8232 | -10/Subcaves | Befriended Subdweller 9120 | -10/Subcaves | Discovered new exit (range 16) 9158 | -10/Subcaves | Lost 5 allies 9379 | -10/Subcaves | A Subdweller sparked back to life 9379 | -10/Subcaves | A Subdweller sparked back to life 9379 | -10/Subcaves | A Subdweller sparked back to life 9382 | -10/Subcaves | Befriended Subdweller 9382 | -10/Subcaves | Befriended Subdweller 9382 | -10/Subcaves | Befriended Subdweller 12464 | -10/Subcaves | Entered Materials 12464 | -8/Materials | Accompanied by 6 allies 12464 | -8/Materials | Evolved 4 slots: Propulsion x2, Utility x2 12465 | -8/Materials | Identified exit to Storage 12466 | -8/Materials | Identified exit to Factory 12882 | -8/Materials | Lost 4 allies 13170 | -8/Materials | Build established: Scavenger-Mutant 13731 | -8/Materials | Entered Storage 13758 | -8/Storage | Met 01-MTF 13959 | -8/Storage | Repaired Broken Exp. Sensor Array? 14095 | -8/Storage | Build established: Mutant 14421 | -8/Storage | Garrison activated, responded to threat 14520 | -8/Storage | Discovered exit to Factory (range 16) 14760 | -8/Storage | Garrison activated, responded to threat 14985 | -8/Storage | Learned location of Armory (-3) 15049 | -8/Storage | Discovered new exit (range 7) 15447 | -8/Storage | Entered Recycling 15447 | -8/Recycling | Accompanied by 1 ally (01-MTF) 15448 | -8/Recycling | Identified exit to Scraptown 15449 | -8/Recycling | Loaded intel: 4 recycling unit locations 15748 | -8/Recycling | Discovered new exit (range 8) 16640 | -8/Recycling | Learned location of Extension (-4) 16677 | -8/Recycling | Learned location of 3 exits from Factory 16705 | -8/Recycling | Learned Storage stockpile data 16730 | -8/Recycling | Learned location of Lower Caves (-6) 16732 | -8/Recycling | Learned location of 2 exits from Factory 16742 | -8/Recycling | Learned location of Zion (-6) 16762 | -8/Recycling | Learned Factory emergency access door positions 17105 | -8/Recycling | Scanned before Scraplab entrance 17163 | -8/Recycling | Entered Scraplab 17194 | -8/Recycling | Entered Scraptown 17194 | -8/Scraptown | System corruption cleaned by C-Scrubber 17356 | -8/Scraptown | Heard Great Nut preacher, LISTEN AND RECITE! 17501 | -8/Scraptown | Discovered new exit (range 11) 17625 | -8/Scraptown | Scanned Subdweller tech in exchange for log data 17629 | -8/Scraptown | Learned Factory trap positions 17631 | -8/Scraptown | Learned Factory stockpile data 17633 | -8/Scraptown | Learned Research security intel 17705 | -8/Scraptown | Visited The Evicted 17745 | -8/Scraptown | Visited Awakened 17875 | -8/Scraptown | Visited SPCMW 17929 | -8/Scraptown | Visited Symbiants 17978 | -8/Scraptown | Visited Shadow of the Wyrm 18540 | -8/Scraptown | Visited UFD Registry 18540 | -8/Scraptown | Registered with UFD as "Smoothbank" 18666 | -8/Scraptown | Visited Research Penetration Think Tank 18717 | -8/Scraptown | Visited Science Guys 18868 | -8/Scraptown | Visited DA-N13 Charitable Foundation 18887 | -8/Scraptown | Found DCF Scrap (29 items) 18964 | -8/Scraptown | Discovered new exit (range 5) 19143 | -8/Scraptown | Visited Junk Repository 19210 | -8/Scraptown | Visited Scrap Suit Storage 19269 | -8/Scraptown | Visited Botcube Research 19317 | -8/Scraptown | Visited Junk Repository 19374 | -8/Scraptown | Visited Scrapoid Pod Storage 19412 | -8/Scraptown | Visited Analyses Database 19571 | -8/Scraptown | Delivered Scrap Shield to a Scientist 19846 | -8/Scraptown | Visited Science Testing Area 20056 | -8/Scraptown | Found Scrap Suit 20462 | -8/Scraptown | Guru changed UFD alias to "Spikedome" 21042 | -8/Scraptown | Found Scrapoid Pod 21742 | -8/Scraptown | Delivered V3-11A's Pendant to T0-NE2 in exchange for information 22522 | -8/Scraptown | Entered Factory 22522 | -6/Factory | Evolved 4 slots: Utility x2, Weapon x2 22523 | -6/Factory | Identified exit to Factory 22523 | -6/Factory | Identified exit to Lower Caves 22524 | -6/Factory | Loaded intel: 114 trap records 22815 | -6/Factory | Scrapoid reinforcements arrived 22906 | -6/Factory | Found Scrap Suit 22915 | -6/Factory | Lost 3 allies 22924 | -6/Factory | Found Scrap Suit 23294 | -6/Factory | Repaired Mni. Fusion Reactor? 23344 | -6/Factory | Destroyed 8 combat bots 23349 | -6/Factory | Lost 5 parts (2n1u2w) 23572 | -6/Factory | First assault squad dispatched 23833 | -6/Factory | Build established: Skirmisher 24249 | -6/Factory | Scrapoids reinforcements arrived? 24297 | -6/Factory | Lost 5 allies 24310 | -6/Factory | Found Scrap Suit 24528 | -6/Factory | Entered Lower Caves 24529 | -6/Lower Caves | Encountered a Warlord checkpoint 24530 | -6/Lower Caves | UFD Scientist delivered a prototype 24532 | -6/Lower Caves | Found Prototype Protection 24610 | -6/Lower Caves | Build established: Scavenger-Scrapper 25186 | -6/Lower Caves | Discovered new exit (range 10) 25196 | -6/Lower Caves | Identified exit to Lower Caves 25203 | -6/Lower Caves | Entered another Lower Caves area 25233 | -6/Lower Caves | Discovered exit to Factory (range 8) 25351 | -6/Lower Caves | Prototype Device suddenly appears! 25357 | -6/Lower Caves | Found Prototype Device 25357 | -6/Lower Caves | Identified Amulet of Y3-NDR 25371 | -6/Lower Caves | Joined by bewildered Wizard 25371 | -6/Lower Caves | Joined by bewildered Wizard 25372 | -6/Lower Caves | Joined by bewildered Wizard 25411 | -6/Lower Caves | Joined by bewildered Wizard 25450 | -6/Lower Caves | Encountered a Warlord checkpoint 25567 | -6/Lower Caves | Discovered new exit (range 15) 25581 | -6/Lower Caves | Identified exit to Zion 25689 | -6/Lower Caves | Entered Zion 25689 | -6/Zion | Accompanied by 4 allies 25732 | -6/Zion | System corruption cleaned by Quarantine Array 25804 | -6/Zion | Discovered new exit (range 13) 26169 | -6/Zion | Turned away by Imprinter 26402 | -6/Zion | Gained Derelict followers 26799 | -6/Zion | Found CR-A16's Pointy Stick 27031 | -6/Zion | Visited the Megawrench Repair Shop 27032 | -6/Zion | Megawrench repaired 10 parts 27065 | -6/Zion | Identified exit to Proximity Caves 27179 | -6/Zion | Entered Proximity Caves 27179 | -5/Proximity Caves | Accompanied by 5 allies 27308 | -5/Proximity Caves | Joined by bewildered Wizard 27309 | -5/Proximity Caves | Joined by bewildered Wizard 27358 | -5/Proximity Caves | Joined by bewildered Wizard 27359 | -5/Proximity Caves | Joined by bewildered Wizard 27362 | -5/Proximity Caves | Spotted B-75 Beast 27373 | -5/Proximity Caves | Allies destroyed B-75 Beast 27597 | -5/Proximity Caves | Learned Factory emergency access door positions 27612 | -5/Proximity Caves | Learned Factory trap positions 27776 | -5/Proximity Caves | Discovered exit to Factory (range 15) 27924 | -5/Proximity Caves | Entered Factory 27924 | -5/Factory | Accompanied by 7 allies 27924 | -5/Factory | Evolved 2 slots: Utility x2 27924 | -5/Factory | Identified Enh. Scrap Shield 27925 | -5/Factory | Identified exit to Upper Caves 27926 | -5/Factory | Loaded intel: 118 trap records 28199 | -5/Factory | Scrapoid reinforcements arrived 28303 | -5/Factory | Garrison activated, responded to threat 28331 | -5/Factory | Joined by bewildered Wizard 28331 | -5/Factory | Joined by bewildered Wizard 28346 | -5/Factory | Lost 4 allies 28581 | -5/Factory | Build established: Scrapper 28646 | -5/Factory | Joined by bewildered Wizard 28646 | -5/Factory | Joined by bewildered Wizard 28652 | -5/Factory | Lost 5 allies 29059 | -5/Factory | Discovered new exit (range 15) 29259 | -5/Factory | Joined by bewildered Wizard 29311 | -5/Factory | Scrapoid reinforcements arrived 29342 | -5/Factory | Joined by bewildered Wizard 29509 | -5/Factory | Fabricated Hyp. Railgun (x2) 29637 | -5/Factory | Build established: Commander-Scrapper 29653 | -5/Factory | Fabricated Imp. Utility Shielding? 29730 | -5/Factory | Entered Upper Caves 29730 | -5/Upper Caves | Accompanied by 11 allies 30406 | -5/Upper Caves | Discovered new exit (range 13) 30427 | -5/Upper Caves | Identified exit to Upper Caves 30447 | -5/Upper Caves | Found Scrap Suit 30460 | -5/Upper Caves | Learned Factory garrison access intel 30589 | -5/Upper Caves | Learned location of Warlord (-5) 30732 | -5/Upper Caves | Entered another Upper Caves area 30732 | -5/Upper Caves | Accompanied by 9 allies 30804 | -5/Upper Caves | Discovered new exit (range 12) 30811 | -5/Upper Caves | Joined by bewildered Wizard 30813 | -5/Upper Caves | Joined by bewildered Wizard 30813 | -5/Upper Caves | Identified exit to Factory 30868 | -5/Upper Caves | Attacked by a delusional Derelict stockpiling Unaware 31729 | -5/Upper Caves | Discovered new exit (range 6) 31734 | -5/Upper Caves | Identified exit to Warlord 31860 | -5/Upper Caves | Spotted B-75 Beast 31879 | -5/Upper Caves | Destroyed B-75 Beast 32004 | -5/Upper Caves | Attracted the attention of an 0b10 outpost 32041 | -5/Upper Caves | Lost 3 allies 32049 | -5/Upper Caves | Joined by bewildered Wizard 32050 | -5/Upper Caves | Joined by bewildered Wizard 32159 | -5/Upper Caves | Entered Warlord 32159 | -5/Warlord | Accompanied by 7 allies 32190 | -5/Warlord | Lost 4 allies 32287 | -5/Warlord | Found Prototype Device 32287 | -5/Warlord | Identified Minesniffer Drone Bay 32372 | -5/Warlord | Learned Quarantine security intel 32372 | -5/Warlord | Learned Factory terminal intel 32372 | -5/Warlord | Learned Research scanalyzer intel 32373 | -5/Warlord | Learned 4 Quarantine zone layouts 32373 | -5/Warlord | Learned 4 Command zone layouts 32374 | -5/Warlord | Learned location of Command (-1) 32463 | -5/Warlord | Build established: Scavenger-Scrapper 32531 | -5/Warlord | Visited the Vortex Lab 32540 | -5/Warlord | Found Prototype Energy Gun 32540 | -5/Warlord | Identified Vortex Shotgun 32543 | -5/Warlord | Found Prototype Launcher 32543 | -5/Warlord | Identified Vortex Catalyst Activator 32548 | -5/Warlord | Warlord's base attacked by MAIN.C 32678 | -5/Warlord | Rebuked by Warlord 32705 | -5/Warlord | Found Prototype Processor 32705 | -5/Warlord | Identified Exp. Targeting Computer 32710 | -5/Warlord | Found Prototype Reactor 32767 | -5/Warlord | Build established: Commander-Scrapper 32893 | -5/Warlord | Found Prototype Ballistic Cannon 32893 | -5/Warlord | Identified Hvy. Autocannon 32898 | -5/Warlord | Warlord forces counterattacked 32906 | -5/Warlord | Spotted Executioner 32909 | -5/Warlord | Allies destroyed Executioner 32909 | -5/Warlord | Spotted Executioner 32931 | -5/Warlord | Spotted Executioner 32932 | -5/Warlord | Lost 6 allies 32947 | -5/Warlord | Destroyed Executioner 32979 | -5/Warlord | Spotted Striker 33037 | -5/Warlord | Lost 10 allies 33063 | -5/Warlord | Opened side exit 33083 | -5/Warlord | Discovered new exit (range 9) 33089 | -5/Warlord | Identified exit to Proximity Caves 33094 | -5/Warlord | Entered Proximity Caves 33094 | -4/Proximity Caves | Accompanied by 1 ally 33102 | -4/Proximity Caves | Spotter reported a threat 33191 | -4/Proximity Caves | Build established: Scavenger-Scrapper 33246 | -4/Proximity Caves | Joined by bewildered Wizard 33246 | -4/Proximity Caves | Joined by bewildered Wizard 33246 | -4/Proximity Caves | Joined by bewildered Wizard 33256 | -4/Proximity Caves | Joined by bewildered Wizard 33333 | -4/Proximity Caves | Spotted B-86 Titan 33338 | -4/Proximity Caves | Revealed the true nature of CR-A16's Pointy Stick 33341 | -4/Proximity Caves | Destroyed B-86 Titan 33380 | -4/Proximity Caves | Learned Research emergency access door positions 33488 | -4/Proximity Caves | Learned Research trap positions 33705 | -4/Proximity Caves | Lost 4 allies 33831 | -4/Proximity Caves | Discovered exit to Factory (range 5) 34016 | -4/Proximity Caves | Joined by bewildered Wizard 34023 | -4/Proximity Caves | Joined by bewildered Wizard 34098 | -4/Proximity Caves | Entered Factory 34098 | -4/Factory | Accompanied by 5 allies 34098 | -4/Factory | Evolved 2 slots: Power x1, Utility x1 34099 | -4/Factory | Identified exit to Extension 34100 | -4/Factory | Loaded intel: 28 terminal locations 34101 | -4/Factory | Loaded intel: 4 garrison access locations 34176 | -4/Factory | Joined by bewildered Wizard 34178 | -4/Factory | Joined by bewildered Wizard 34199 | -4/Factory | Lost 4 allies 34208 | -4/Factory | Found Quantum Capacitor 34215 | -4/Factory | Joined by bewildered Wizard 34215 | -4/Factory | Joined by bewildered Wizard 34401 | -4/Factory | Garrison activated, responded to threat 34412 | -4/Factory | Lost 3 allies 34442 | -4/Factory | Joined by bewildered Wizard 34446 | -4/Factory | Joined by bewildered Wizard 34877 | -4/Factory | First assault squad dispatched 34980 | -4/Factory | Repaired Broken Hyp. Railgun 35053 | -4/Factory | Entered Extension 35571 | -4/Extension | Rescued a captive Derelict 35572 | -4/Extension | Rescued a captive Derelict 35755 | -4/Extension | Spotted B-86 Titan 35781 | -4/Extension | Allies destroyed B-86 Titan 35788 | -4/Extension | Spotted B-86 Titan 35817 | -4/Extension | Allies destroyed B-86 Titan 35818 | -4/Extension | Identified Vortex Chain Reactor 35903 | -4/Extension | Disrupted transfer network 35952 | -4/Extension | Rescued a captive Derelict 36136 | -4/Extension | Rescued a captive Derelict 36279 | -4/Extension | Rescued a captive Derelict 36280 | -4/Extension | Rescued a captive Derelict 36315 | -4/Extension | Rescued A7 36340 | -4/Extension | Discovered new exit (range 10) 36343 | -4/Extension | Discovered new exit (range 6) 36369 | -4/Extension | Identified exit to Research 36375 | -4/Extension | Identified exit to Cetus 36393 | -4/Extension | Entered Cetus 36393 | -4/Cetus | Accompanied by 11 allies (A7) 36398 | -4/Cetus | Acquired a Cetus Manufacturing Module code from A7 36468 | -4/Cetus | Spotted Cetus Guard 36468 | -4/Cetus | Spotted Cetus Guard 36474 | -4/Cetus | Spotted Cetus Guard 36476 | -4/Cetus | Destroyed Cetus Guard 36477 | -4/Cetus | Spotted Cetus Guard 36487 | -4/Cetus | Allies destroyed Cetus Guard 36488 | -4/Cetus | Destroyed Cetus Guard 36490 | -4/Cetus | Allies destroyed Cetus Guard 36528 | -4/Cetus | Started Cetus Manufacturing Module 36553 | -4/Cetus | Manufactured an Enhanced Grunt 36574 | -4/Cetus | Escorted A7 to Cetus Mainframe 36578 | -4/Cetus | Manufactured an Enhanced Grunt 36603 | -4/Cetus | Manufactured an Enhanced Grunt 36628 | -4/Cetus | Manufactured an Enhanced Grunt 36653 | -4/Cetus | Manufactured an Enhanced Grunt 36673 | -4/Cetus | Discovered new exit (range 15) 36695 | -4/Cetus | Spotted Cetus Guard 36695 | -4/Cetus | Spotted Cetus Guard 36702 | -4/Cetus | Allies destroyed Cetus Guard 36702 | -4/Cetus | Spotted Cetus Guard 36703 | -4/Cetus | Spotted Cetus Guard 36704 | -4/Cetus | Destroyed Cetus Guard 36712 | -4/Cetus | Allies destroyed Cetus Guard 36713 | -4/Cetus | Allies destroyed Cetus Guard 36720 | -4/Cetus | Discovered exit to Research (range 15) 36726 | -4/Cetus | Met Revision 17 36768 | -4/Cetus | Identified exit to Archives 36791 | -4/Cetus | Entered Archives 36791 | -4/Archives | Accompanied by 12 allies (A7) 36796 | -4/Archives | Received a hacking code to weaken MAIN.C 36839 | -4/Archives | Discovered new exit (range 16) 36855 | -4/Archives | Build established: Commander-Scrapper 36992 | -4/Archives | Discovered exit to Research (range 16) 37021 | -4/Archives | Discovered new exit (range 16) 37238 | -4/Archives | Identified exit to Hub_04(d) 37264 | -4/Archives | Entered Hub_04(d) 37264 | -4/Hub_04(d) | Accompanied by 11 allies 37264 | -4/Hub_04(d) | Discovered exit to Research (range 10) 37270 | -4/Hub_04(d) | Discovered exit to Research (range 16) 37664 | -4/Hub_04(d) | Network Hub disabled 37665 | -4/Hub_04(d) | Spotted Lightning 37665 | -4/Hub_04(d) | Spotted Lightning 37675 | -4/Hub_04(d) | Spotted Lightning 37681 | -4/Hub_04(d) | Spotted Lightning 37682 | -4/Hub_04(d) | Spotted Lightning 37682 | -4/Hub_04(d) | Entered Research 37682 | -3/Research | Evolved 2 slots: Utility x2 37683 | -3/Research | Loaded intel: 101 trap records 37686 | -3/Research | Loaded intel: 6 scanalyzer locations 37701 | -3/Research | Discovered new exit (range 12) 37707 | -3/Research | Lost 3 allies 37728 | -3/Research | Identified exit to Research 37744 | -3/Research | Joined by bewildered Wizard 37745 | -3/Research | Joined by bewildered Wizard 37754 | -3/Research | Joined by bewildered Wizard 37785 | -3/Research | Joined by bewildered Wizard 37869 | -3/Research | Identified exit to Armory 37869 | -3/Research | Identified exit to Quarantine 37882 | -3/Research | Revision forces began assault on 0b10 37960 | -3/Research | Met up with Revision 17++ 38063 | -3/Research | Build established: Scavenger-Skirmisher 38132 | -3/Research | Lost 3 allies 38135 | -3/Research | Scrapoid reinforcements arrived 38146 | -3/Research | Spotted B-86 Titan 38150 | -3/Research | Joined by bewildered Wizard 38321 | -3/Research | Spotted B-86 Titan 38382 | -3/Research | Research terminal network offline 38440 | -3/Research | Joined by bewildered Wizard 38721 | -3/Research | Spotted Striker 38723 | -3/Research | Allies destroyed Striker 38763 | -3/Research | Entered Quarantine 38791 | -3/Quarantine | Lost 6 allies 38820 | -3/Quarantine | Repaired Adv. KE Penetrator? 38881 | -3/Quarantine | Found Alien Artifact 38881 | -3/Quarantine | Identified Subatomic Replicator 39496 | -3/Quarantine | Discovered exit to Research (range 16) 40219 | -3/Quarantine | Build established: Hacker-Skirmisher 40846 | -3/Quarantine | Build established: Hacker-Gunner 41015 | -3/Quarantine | Entered Research 41015 | -2/Research | Evolved 2 slots: Utility x2 41062 | -2/Research | Identified exit to Testing 41062 | -2/Research | Identified exit to Access 41083 | -2/Research | Joined by bewildered Wizard 41084 | -2/Research | Joined by bewildered Wizard 41109 | -2/Research | Joined by bewildered Wizard 41110 | -2/Research | Joined by bewildered Wizard 41180 | -2/Research | Lost 4 allies 41252 | -2/Research | Joined by bewildered Wizard 41253 | -2/Research | Joined by bewildered Wizard 41406 | -2/Research | Spotted B-90 Cyclops 41426 | -2/Research | Destroyed B-90 Cyclops 41854 | -2/Research | Build established: Scavenger-Gunner 42515 | -2/Research | First assault squad dispatched 42636 | -2/Research | Garrison activated, responded to threat 42661 | -2/Research | Destroyed 7 combat bots 42687 | -2/Research | System corruption reached 10% 42691 | -2/Research | Core integrity fell below 50% 42698 | -2/Research | Spotted B-90 Cyclops 42700 | -2/Research | Core integrity fell below 20% 42711 | -2/Research | Destroyed by B-90 Cyclops with Nova Cannon Last Messages --------------- 42703_ R-10 Processor inserts Lgt. Quantum Reactor into recycling unit. 42704_ Slug penetrates R-10 Processor. 42704_ Penetrated by Slug. 42704_ Adv. System Shield destroyed. 42704_ P-80 Master resets R-10 Processor, system corruption cleaned. 42705_ Adv. Myomer Leg destroyed. 42706_ R-10 Processor destroyed. 42708_ Connecting with Recycling Unit... >>Force(Scrapoids) UFD!MEMBER UFD!ALLOCATE<77-2=75> UFD!ETA<15> UFD!SANITIZING UFD!... 42708_ ALERT: Suspicious activity at Recycling Unit R001. Dispatching Investigation squad. 42708_ R-10 Processor inserts Med. Storage Unit into recycling unit. 42709_ Recycling unit begins recycling process. 42709_ P-80 Master resets R-10 Processor, system corruption cleaned. 42711_ B-90 Cyclops activates siege mode. Map ----- +----------------------------------------------------+ | ?????????????????????????????????????????????????? | | ?????????????????????????????????????????????????? | | ?????????????????????????????????????????????????? | | ?????????????????????????????????????????????????? | | ?????????????????????????????????????????????????? | | ?????????????????????????????????????????????????? | | ?????????????????????????????????????????????????? | | ?????????????????????????????????????????????????? | | ?????????????????????????????????????????????????? | | ?????????????????????????????????????????????????? | | ?????????????????????????????????????????????????? | | ?????????????????????????????????????????????????? | | ?????????????????????????????????????????????????? | | ?????????????????????????????????? ??????????????? | | ?????????????????????????????????? ?????????????? | | ?????????????????????????#+####?? ??????????????? | | ????????????????????????? #? ???????????????? | | ????????????????????????? # ?? ?#?????????? | | ????????????????????????? + ?? ""#? ???????? | | ????????????????????????? ;? ""# ???? | | ????????????????????##???# # ?? % #? ####?? | | ????????????????????# ??# # # #####? | | ???????????####+##### ### ######+### ###### | | ?????????? ### ?? ? | | ?????????? BB ### ^ ? ? | | ?????????? BB@ ;## ? ? | | ?????????? ![! ""### ^^ | | ????????????# !! *!Y"### ###########+# | | ????????????# [! =R""### # | | ????????????# =R ### # === | | ????????????# R # === | | ????????????# g %# %== % | | ????????????#+##### "" h /% %% | | ????????????????? # "" # | | ??????????????????# """ g % #% | | ??????????????????# g [%#!% = | | ??????????????????# %h* [#[%% = | | ??????????????????# ] * #%!!!= | | ??????????????????+ %#%%!% % % | | ??????????????????# # [=* [ | | ??????????????????+ %%"""!"""""+### | | ??????????????????############# "]/]! "=### | | ????????????????????? # #** # #%#[# | | ?????????????????????????? # ########## # | | ??????????????????????????? # # # | | ??????????????????????????? # ### | | ??????????????????????????##### ### | | ??????????????????????????? ### | | ???????????????????????????#### ### | | ??????????????????????????? # ? # | +----------------------------------------------------+ Best States ------------- Heat Dissipation 81 Energy Generation 55 Energy Capacity 1300 Matter Stores 600 Matter Capacity 600 Sight Range 16 Robot Scan Range 20 Terrain Scan Range 14 Terrain Scan Density 210 Jamming Range 16 Cloak Strength 2 Base Temperature (-) 200 Armor Coverage 1200 Core Shielding 20 Utility Shielding 66 Phase Shifting 15 Evasion (%) 55 Targeting Accuracy 12 Recoil Reduction 4 Energy Filtering 30 Kinecelleration 40 Salvage Targeting 4 Offensive Hacking 14 Defensive Hacking 14 Authchip Count 2 Item Schematics ----------------- Hacking Suite | -8/Materials | Hacked Imp. Utility Shielding | -8/Materials | Hacked Coil Gun | -8/Recycling | Hacked Hyp. Railgun | -3/Research | Scanalyzed Enh. Nova Cannon | -3/Research | Hacked Exp. Utility Shielding | -3/Research | Hacked Exp. Heat Sink | -3/Research | Hacked Adv. Matter Compressor | -3/Quarantine | Archive Adv. Gravity Neutralizer | -3/Quarantine | Archive Tiamat Missile Launcher | -3/Quarantine | Archive Exp. Sensor Array | -3/Quarantine | Archive Adv. KE Penetrator | -3/Quarantine | Scanalyzed Exp. Transmission Jammer | -3/Quarantine | Hacked Enh. Force Rifle | -3/Quarantine | Archive Exp. Energy Well | -3/Quarantine | Archive Prc. Energy Filter | -3/Quarantine | Archive Imp. Lightning Gun | -3/Quarantine | Archive Molecular Scythe | -3/Quarantine | Archive Imp. Diametric Drive | -3/Quarantine | Archive Exp. Optical Array | -3/Quarantine | Archive Robot Schematics ------------------ E-15 Imp | -3/Quarantine | Archive L-61 Swordsman | -3/Quarantine | Archive Fabricated ------------ Hyp. Railgun | x2 | -5/Factory | Preloaded Imp. Utility Shielding | x2 | -5/Factory | Authchip Alien Tech Used ----------------- Subatomic Replicator Achievements -------------- Beloved It Was An Accident, I Swear Origins Revolutionary Research Slippery One Challenges ------------ None Game ------ Seed MobileStasisPlating Manual? 0 Play Time 09:05:09 Cumulative 141.6 hours Start 2024.09.24 @ 22:06:56 End 2024.09.26 @ 16:17:56 Sessions 5 Manual Loads 0 Difficulty Rogue Special Mode None Game No. 73 Rogue 73 Adventurer 0 Explorer 0 Win Type - Total 1 Types 0/0/0/1/0/0/0/0/0 Lore% 46 Gallery% 59 Achievement% 49 Wizard Run 0 Options --------- Layout 0 ASCII 0 Keyboard 0 Movement Numpad Keybinds 1 Fullscreen 2 Font 18/X11 Map View 76x50 Zoom Use 0% Tactical HUD 1 Map Filters NONE Filters NONE Steam 1 RUN: 8e7ea9a0-ecce-49c1-b145-47ff4087f104